 Dungeon Crawl Stone Soup version 0.28.0-53-g5a82cb258f (webtiles) character file.

Game seed: 12135553741784260848

2526 Godmorgon the Basher (level 9, -4/82 HPs)
             Began as a Minotaur Fighter on Aug 14, 2022.
             Slain by Joseph
             ... wielding a +2 vorpal quarterstaff
              (7 damage)
             ... while paralysed by Joseph
             ... on level 7 of the Dungeon.
             The game lasted 00:16:48 (7474 turns).

Godmorgon the Basher (Minotaur Fighter)             Turns: 7474, Time: 00:16:49

Health: -4/82      AC:  8    Str: 30    XL:     9   Next: 29%
Magic:  8/8        EV:  2    Int:  5    God:
Gold:   275        SH:  0    Dex: 11    Spells: 8/8 levels left

rFire   . . .      SeeInvis .   a - +0 flail
rCold   . . .      Faith    .   c - +0 buckler
rNeg    . . .      Spirit   .   b - +0 scale mail
rPois   +          Reflect  .   (helmet restricted)
rElec   .          Harm     .   y - +0 cloak
rCorr   .          Rampage  .   (no gloves)
Will    .....                   (no boots)
Stlth   ..........              (no amulet)
HPRegen 0.23/turn               m - +6 ring of strength
MPRegen 0.11/turn               z - ring of poison resistance

@: paralysed
A: horns 2, retaliatory headbutt
a: no special abilities


You were on level 7 of the Dungeon.
You visited 1 branch of the dungeon, and saw 7 of its levels.

You collected 275 gold pieces.

Inventory:

Hand Weapons
 a - a +0 flail (weapon)
Missiles
 d - a throwing net
 f - 5 javelins (quivered)
 n - 10 poisoned darts
 x - 2 boomerangs
Armour
 b - a +0 scale mail (worn)
 c - a +0 buckler (worn)
 y - a +0 cloak (worn)
Jewellery
 m - a +6 ring of strength (left hand)
 r - a ring of flight
 z - a ring of poison resistance (right hand)
Wands
 h - a wand of iceblast (14)
 u - a wand of flame (21)
Scrolls
 g - a scroll of enchant armour
 j - 5 scrolls of teleportation
 t - a scroll of magic mapping
 w - 3 scrolls of fog
Potions
 e - 2 potions of curing
 i - a potion of ambrosia
 k - a potion of attraction {unknown}
 l - a potion of mutation {unknown}
 o - 2 potions of magic {unknown}
 p - a potion of resistance {unknown}
 q - 3 potions of haste
 s - a potion of heal wounds {unknown}
 v - a potion of invisibility {unknown}


   Skills:
 + Level 8.4 Fighting
 * Level 11.1 Maces & Flails
 - Level 6.0 Throwing
 - Level 3.6 Armour
 - Level 3.6 Shields


You had 8 spell levels left.
You didn't know any spells.
Your spell library was empty.

Dungeon Overview and Level Annotations

Branches:
Dungeon (7/15)
 Temple: D:4-7

Altars:
Nemelex Xobeh
Uskayaw
Xom
The Shining One

Annotations:
D:5 2 transporters
D:7 Joseph


Innate Abilities, Weirdness & Mutations

You have a pair of horns on your head.
You reflexively headbutt those who attack you in melee.


Message History

The lemure is almost dead.
The lemure barely misses you. You furiously retaliate!
You headbutt the lemure.
You kill the lemure!
That felt strangely unrewarding.
Joseph zaps a wand.
You suddenly lose the ability to move!
Joseph shoots a sling bullet.
The sling bullet hits you!
Joseph shouts, "At last, some action!"
Joseph shoots a sling bullet.
The sling bullet completely misses you.
Joseph shoots a sling bullet.
The sling bullet hits you!
You can move again.
Throw: 9 javelins
Press: ? - help, Q - select action, (/) - cycle Shift-Dir - straight line, f - Joseph
Aim: Joseph, wielding a +0 hunting sling, wearing a +0 ring mail, quivering sling bullets and carrying a wand of paralysis (3) (68% to hit)
You throw a javelin. The javelin pierces through Joseph!!
Joseph is moderately wounded.
Joseph shoots a sling bullet.
The sling bullet hits you!
Throw: 8 javelins
Press: ? - help, Q - select action, (/) - cycle Shift-Dir - straight line, f/p - Joseph
Aim: Joseph, wielding a +0 hunting sling, wearing a +0 ring mail, quivering sling bullets and carrying a wand of paralysis (3) (moderately wounded, 68% to hit)
You throw a javelin. The javelin pierces through Joseph.
Joseph is moderately wounded.
Joseph shoots a sling bullet.
The sling bullet completely misses you.
Throw: 7 javelins
Press: ? - help, Q - select action, (/) - cycle Shift-Dir - straight line, f/p - Joseph
Aim: Joseph, wielding a +0 hunting sling, wearing a +0 ring mail, quivering sling bullets and carrying a wand of paralysis (3) (moderately wounded, 68% to hit)
You throw a javelin. The javelin pierces through Joseph.
Joseph is heavily wounded.
Joseph shoots a sling bullet.
The sling bullet hits you!
Throw: 6 javelins
Press: ? - help, Q - select action, (/) - cycle Shift-Dir - straight line, f/p - Joseph
Aim: Joseph, wielding a +0 hunting sling, wearing a +0 ring mail, quivering sling bullets and carrying a wand of paralysis (3) (heavily wounded, 68% to hit)
You throw a javelin. The javelin closely misses Joseph.
Joseph zaps a wand.
You suddenly lose the ability to move!
Joseph unwields a +0 hunting sling.
Joseph wields a +2 vorpal quarterstaff.
Joseph hits you with a +2 vorpal quarterstaff!
* * * LOW HITPOINT WARNING * * *
Joseph zaps a wand.
You shrug off the repeated paralysis!
Joseph hits you with a +2 vorpal quarterstaff!!
* * * LOW HITPOINT WARNING * * *
You die...

.... <... #..##..#.##.#
.....##.##########..#...#.##.#
..............@.....# ...##.#
....!.#@###########.# .. #.#
..... #.# .# #.# .... #.# ####
#.# .... #.# ..... #.#
5.....#.#######...### #.# #
#.(.....@@'...... #.#
###.#######...### ...# ..#
#.### .# #. # #


You could see Joseph.

Vanquished Creatures
  A wraith (D:6)
  Menkaure (D:6)
  Duvessa (D:5)
  2 sky beasts (D:6)
  2 ice beasts (D:5)
  An ogre (D:5)
  5 phantoms
  A lemure (D:7)
  Blork the orc (D:5)
  3 bullfrogs (D:6)
  5 scorpions
  A water moccasin zombie (D:5)
  Dowan (D:5)
  A water moccasin skeleton (D:4)
  A gnoll shaman (D:5)
  A bullfrog zombie (D:5)
  A centaur zombie (D:5)
  A hound (D:6)
  4 orc priests
  A jelly (D:5)
  2 centaur skeletons
  2 iguanas (D:4)
  2 orc wizards (D:6)
  A howler monkey zombie (D:6)
  9 gnolls
  3 adders
  2 ufetubi
  2 dart slugs (D:5)
  9 orcs
  6 endoplasms
  2 giant cockroaches
  10 goblins
  4 hobgoblins
  6 jackals
  4 ball pythons
  6 bats
  3 frilled lizards
  5 kobolds
  6 rats
119 creatures vanquished.

Notes
Turn   | Place    | Note
-------+----------+-------------------------------------------
     0 | D:1      | Godmorgon the Minotaur Fighter began the quest for the Orb.
     0 | D:1      | Reached XP level 1. HP: 19/19 MP: 0/0
   299 | D:1      | Reached skill level 3 in Maces & Flails
   332 | D:1      | Reached XP level 2. HP: 19/27 MP: 1/1
   660 | D:1      | Found a faded altar of an unknown god.
   713 | D:1      | Reached XP level 3. HP: 33/33 MP: 2/2
   733 | D:1      | You fall into a shaft and drop 1 floor!
   928 | D:2      | Reached skill level 4 in Maces & Flails
  1355 | D:2      | Noticed a scorpion
  1364 | D:2      | Killed a scorpion
  1365 | D:2      | Reached skill level 5 in Maces & Flails
  1365 | D:2      | Reached XP level 4. HP: 33/41 MP: 3/3
  1822 | D:3      | Reached XP level 5. HP: 47/47 MP: 4/4
  1827 | D:3      | Reached skill level 5 in Fighting
  1924 | D:3      | Identified the +6 spear of the Freezing Scavenger {protect,
                  | rC+}
  2684 | D:4      | Reached skill level 6 in Maces & Flails
  2806 | D:4      | Noticed a phantom
  2825 | D:4      | Killed a phantom
  2826 | D:4      | Reached skill level 1 in Throwing
  2826 | D:4      | Reached XP level 6. HP: 40/56 MP: 5/5
  3177 | D:4      | Reached skill level 7 in Maces & Flails
  3728 | D:5      | Entered Level 5 of the Dungeon
  3733 | D:5      | Reached XP level 7. HP: 41/62 MP: 6/6
  4044 | D:5      | Noticed Blork the orc
  4049 | D:5      | Killed Blork the orc
  4101 | D:5      | Noticed Duvessa
  4110 | D:5      | Killed Duvessa
  4111 | D:5      | Reached skill level 8 in Maces & Flails
  4112 | D:5      | Noticed Dowan
  4121 | D:5      | Killed Dowan
  4407 | D:5      | Found a transporter.
  4424 | D:5      | Found a transporter.
  4594 | D:5      | Reached XP level 8. HP: 50/71 MP: 7/7
  5278 | D:6      | Reached skill level 5 in Throwing
  5335 | D:5      | Reached skill level 9 in Maces & Flails
  5539 | D:6      | Found a hide-covered altar of Uskayaw.
  5759 | D:6      | Found a shimmering altar of Xom.
  6219 | D:6      | Reached skill level 10 in Maces & Flails
  6223 | D:6      | Reached XP level 9. HP: 59/81 MP: 8/8
  6577 | D:6      | Noticed Menkaure
  6585 | D:6      | Killed Menkaure
  7107 | D:6      | Reached skill level 11 in Maces & Flails
  7331 | D:7      | Found a glowing golden altar of the Shining One.
  7333 | D:7      | Found a sparkling altar of Nemelex Xobeh.
  7393 | D:7      | Noticed Joseph
  7464 | D:7      | Paralysed by Joseph for 3 turns
  7471 | D:7      | Paralysed by Joseph for 4 turns
  7474 | D:7      | HP: 3/82 [Joseph/+2 vorpal quarterstaff (21)]
  7474 | D:7      | Slain by Joseph

Illustrated notes

Levels and vault maps discovered:
D:1:      eino_arrival_water_star, layout_basic,
          dreamdust_ecumenical_altar_hidden_monk_grotto, minmay_distorted
D:2:      layout_basic, minmay_pentomino_o4
D:3:      layout_loops_ring
D:4:      layout_gridville
D:5:      gammafunk_steamed_eel, layout_loops_ring, uniq_duvessa,
          uniq_blork_the_orc
D:6:      layout_basic, mainiacjoe_overflow_alcove_2,
          mainiacjoe_overflow_chevrons, uniq_menkaure
D:7:      layout_basic, grunt_temple_overflow_open, minmay_temple_entry_ruins,
          roderic_serpentine_path, uniq_pikel, uniq_joseph

Skill      XL: |  1  2  3  4  5  6  7  8  9 |
---------------+----------------------------+-----
Maces & Flails | 3 5 6 7 8 10 11 | 11.1
Fighting       | 4 5 6 7 8 |  8.4
Throwing       | 1 2 4 6 |  6.0
Armour         | |  3.6
Shields        | |  3.6

Action                   |  1- 3 |  4- 6 |  7- 9 || total
-------------------------+-------+-------+-------++-------
Melee: Flail             |    85 |    90 |   164 ||   339
       Headbutt          |     9 |    15 |    30 ||    54
Throw: Dart              |       |       |    19 ||    19
       Javelin           |       |       |    13 ||    13
  Use: Scroll            |       |       |     7 ||     7
       Potion            |       |       |     1 ||     1
Armor: Scale mail        |    37 |    28 |    47 ||   112
Dodge: Dodged            |    37 |    47 |    65 ||   149
Block: Buckler           |    21 |    22 |    30 ||    73
